 Dungeon Crawl Stone Soup version 0.17-a0-1887-g3e50df6 (webtiles) character file.

65 wvc the Changer (level 4, 0/22 HPs)
             Began as a Vine Stalker Transmuter on Sept 23, 2015.
             Slain by a gnoll
             ... wielding a +0 spear
              (5 damage)
             ... on level 3 of the Dungeon.
             The game lasted 00:04:22 (1832 turns).

wvc the Changer (Vine Stalker Transmuter)           Turns: 1832, Time: 00:04:23

Health: 0/22       AC:  2    Str: 12    XL:     4   Next: 13%
Magic:  0/9        EV: 19    Int: 14    God:
Gold:   79         SH:  0    Dex: 20    Spells: 3 memorised, 3 levels left

rFire  . . .     SeeInvis .       - Unarmed
rCold  . . .     Clarity  .     (armour currently unavailable)
rNeg   . . .     SustAt   .     (shield currently unavailable)
rPois  x         Gourm    .     (helmet currently unavailable)
rElec  .         Spirit   +     (cloak currently unavailable)
rCorr  .         Warding  .     (gloves currently unavailable)
rMut   .         Stasis   .     (boots currently unavailable)
MR     .....                    (no amulet)
Stlth  ++........               (no ring)
                                (no ring)

@: spider-form, very slightly contaminated, not resistant to hostile
enchantments, unstealthy
A: (fangs 0), regeneration 1, magic shield, (antimagic bite), no device heal 3,
rot immunity
a: End Transformation


You were on level 3 of the Dungeon.
You were not hungry.
You were a venomous arachnid creature.
You visited 1 branch of the dungeon, and saw 3 of its levels.

You collected 79 gold pieces.

Inventory:

Missiles
 a - 7 arrows
Armour
 b - a +1 robe (melded)
 l - a cursed -1 pair of gloves (melded)
Scrolls
 i - a scroll of identify
 n - a scroll of recharging
Potions
 e - 4 potions of curing
 f - 2 potions of flight {unknown}
 h - 2 potions of lignification {unknown}
Books
 c - a book of Changes

   Spells                             Type                      Level
   a - Beastly Appendage              Transmutation                1
   b - Sticks to Snakes               Transmutation                2
   c - Spider Form                    Transmutation/Poison         3
   d - Ice Form                       Ice/Transmutation            4
   e - Blade Hands                    Transmutation                5
Comestibles
 d - a bread ration
 g - a beef jerky
 j - 2 chunks of flesh
 m - a royal jelly


   Skills:
 + Level 1.2 Fighting
 - Level 1.5 Dodging
 - Level 3.0 Unarmed Combat
 + Level 3.1 Spellcasting
 + Level 3.3 Transmutations
 * Level 0.2 Poison Magic


You had 3 spell levels left.
You knew the following spells:

 Your Spells              Type           Power        Failure   Level  Hunger
a - Beastly Appendage     Trmt           ##....       17%         1    #......
b - Sticks to Snakes      Trmt           ##........   24%         2    ##.....
c - Spider Form           Trmt/Pois      #.........   52%         3    ###....


Dungeon Overview and Level Annotations

Branches:
Dungeon (3/15)

Altars:
Ashenzari
Nemelex Xobeh
The Shining One


Innate Abilities, Weirdness & Mutations

((You have extremely sharp teeth.))
Your natural rate of healing is unusually fast.
When hurt, damage is shared between your health and your magic reserves.
((Your bite disrupts and absorbs the magic of your enemies.))
Potions and wands cannot restore your health.
You are immune to rotting.


Message History

The gnoll shouts!
You hit the gnoll.
The gnoll is poisoned.
You bite the gnoll, but do no damage.
The gnoll is lightly wounded.
The gnoll hits you.
You hit the gnoll but do no damage.
The gnoll looks even sicker.
The gnoll is lightly wounded.
The gnoll hits you!
You hit the gnoll.
The gnoll is almost dead.
You kill the gnoll!
You have reached level 4!
You feel agile. The gnoll hits you with a spear.
* * * LOW HITPOINT WARNING * * *
The gnoll closely misses you.
You see here a gnoll corpse.
You barely miss the gnoll. You bite the gnoll, but do no damage.
The gnoll completely misses you.
The gnoll hits you from afar with a spear.
You die...

,,........####..........#
,,......................#
,*#..####.####..........#
,,.........#*#..........#
,*##.........#..........#
,,....###..#.###....#####
,,...,,,............#####
,,#.,,,*#.#####.........#
,,.,,,,,...,,,#.s.......#
,,**+*,,#.#**,#†##.#....#
,,*,,,,,*,***,#g##.#....#
,,,,,,,,,,,,,,#g##.#....#
**,,,,,,,,****#g##.#....#
*,,,,,,,>,,,,..##.#....#******
*,,,,,,******####.......,,,,,***
**,,,,,,,,,,,,,,.........,,,,,,,
*,,,,,,,,,,,,,,,,,,,,,,,,,,,,,,


You could see 3 gnolls.

Vanquished Creatures
  A gnoll (D:3)
  4 adders
  A worm (D:2)
  2 goblins (D:2)
  3 hobgoblins
  2 jackals (D:2)
  A quokka (D:3)
  4 bats
  A giant cockroach (D:1)
  A giant newt (D:2)
  A kobold (D:2)
  3 rats
24 creatures vanquished.

Vanquished Creatures (collateral kills)
  A worm (D:2)
1 creature vanquished.

Grand Total: 25 creatures vanquished

Notes
Turn   | Place    | Note
--------------------------------------------------------------
     0 | D:1      | wvc the Vine Stalker Transmuter began the quest for the Orb.
     0 | D:1      | Reached XP level 1. HP: 9/9 MP: 4/4
   659 | D:1      | Reached XP level 2. HP: 14/14 MP: 3/6
   663 | D:1      | Learned a level 2 spell: Sticks to Snakes
  1124 | D:2      | Reached XP level 3. HP: 17/17 MP: 1/8
  1290 | D:2      | Reached skill level 1 in Fighting
  1348 | D:2      | Learned a level 3 spell: Spider Form
  1519 | D:2      | Found a sparkling altar of Nemelex Xobeh.
  1591 | D:2      | Found a glowing golden altar of the Shining One.
  1591 | D:2      | Found a shattered altar of Ashenzari.
  1829 | D:3      | Reached XP level 4. HP: 9/22 MP: 1/9
  1832 | D:3      | Slain by a gnoll

Vault maps used:
D:1:      dpeg_arrival_shrine
D:2:      gammafunk_temple_overflow_elements, overflow_temple_1_default
D:3:      nicolae_overflow_hidden_temple

Action                   |  1- 3 |  4- 6 || total
-------------------------+-------+-------++-------
Melee: Unarmed           |    79 |     1 ||    80
 Cast: Beastly Appendage |    15 |       ||    15
       Sticks to Snakes  |     8 |       ||     8
       Spider Form       |     1 |       ||     1
  Use: Scroll            |     5 |       ||     5
 Stab: Sleeping          |     1 |       ||     1
  Eat: Chunk             |     4 |       ||     4
